 Dungeon Crawl Stone Soup version 0.21.1-1-g345015f (webtiles) character file.

98 infcreate the Shield-Bearer (level 4, -4/41 HPs)
             Began as a Minotaur Fighter on May 21, 2018.
             Was an Initiate of Trog.
             Killed by divine providence
             ... invoked by an orc priest
              (12 damage)
             ... on level 3 of the Dungeon.
             The game lasted 00:05:36 (1407 turns).

infcreate the Shield-Bearer (Minotaur Fighter)      Turns: 1407, Time: 00:05:37

Health: -4/41      AC:  7    Str: 22    XL:     4   Next: 44%
Magic:  3/3        EV:  7    Int:  2    God:    Trog [......]
Gold:   72         SH:  9    Dex:  9    Spells: 3/3 levels left

rFire    . . .     SeeInvis .   a - +0 war axe
rCold    . . .     Gourm    .   c - +0 shield
rNeg     . . .     Faith    .   b - +0 scale mail
rPois    .         Spirit   .   (helmet restricted)
rElec    .         Reflect  .   (no cloak)
rCorr    .         Harm     .   (no gloves)
MR       .....                  (no boots)
Stlth    ..........             (no amulet)
HPRegen  0.13/turn              k - -3 ring of intelligence (curse)
MPRegen  0.08/turn              (no ring)

@: no status effects
A: retaliatory headbutt, horns 2
a: Burn Spellbooks, Renounce Religion


You were on level 3 of the Dungeon.
You worshipped Trog.
Trog was noncommittal.
You were not hungry.

You visited 1 branch of the dungeon, and saw 3 of its levels.

You collected 72 gold pieces.

Inventory:

Hand Weapons
 a - a +0 war axe (weapon)
Armour
 b - a +0 scale mail (worn)
 c - a +0 shield (worn)
Jewellery
 k - a cursed -3 ring of intelligence (left hand)
Scrolls
 g - 2 scrolls of identify {unknown}
 j - a scroll of remove curse {unknown}
 l - a scroll of amnesia {unknown}
Potions
 d - a potion of might
 e - a potion of lignification {unknown}
 h - a potion of agility {unknown}
 i - a potion of curing {unknown}
Comestibles
 f - 2 rations
 m - 2 chunks of flesh


   Skills:
 + Level 4.4 Fighting
 + Level 3.2 Axes
 + Level 4.6 Armour
 + Level 4.6 Shields


You had 3 spell levels left.
You didn't know any spells.

Dungeon Overview and Level Annotations

Branches:
Dungeon (3/15)

Altars:
Hepliaklqana
Trog
Uskayaw


Innate Abilities, Weirdness & Mutations

You reflexively headbutt those who attack you in melee.
You have a pair of horns on your head.


Message History

You headbutt the orc priest, but do no damage.
The orc priest is almost dead.
The orc priest hits you but does no damage.
The orc priest looks encouraged for a moment.
You barely miss the orc priest.
The orc priest is almost dead.
The orc priest invokes the aid of Beogh against you.
Pain shoots through your body!
You closely miss the orc priest. Your headbutt misses the orc priest.
The orc priest is almost dead.
The orc priest hits you with a trident.
You barely miss the orc priest.
The orc priest is almost dead.
The orc priest hits you but does no damage.
The orc priest hits you with a trident!
* * * LOW HITPOINT WARNING * * *
Unknown command.
The orc priest calls down the wrath of Beogh upon you.
Beogh smites you!
You die...

########+
##########........
#@)oK{...'........
##########........
#..o......
#.........
..........
...........
........$...
....(........
.w.....#######


You could see an orc priest and a kobold.

Vanquished Creatures
  A bullfrog zombie (D:2)
  An orc priest (D:3)
  An adder (D:2)
  An orc (D:2)
  A bat (D:1)
  4 giant cockroaches
  4 goblins
  3 hobgoblins (D:1)
  4 jackals (D:2)
  A quokka (D:3)
  A frilled lizard (D:2)
  A kobold (D:1)
  2 rats (D:2)
25 creatures vanquished.

Notes
Turn   | Place    | Note
-------+----------+-------------------------------------------
     0 | D:1      | infcreate the Minotaur Fighter began the quest for the Orb.
     0 | D:1      | Reached XP level 1. HP: 19/19 MP: 0/0
   318 | D:1      | Reached XP level 2. HP: 23/27 MP: 1/1
   560 | D:2      | Found a bloodstained altar of Trog.
   568 | D:2      | Became a worshipper of Trog the Wrathful
   778 | D:2      | Reached XP level 3. HP: 33/33 MP: 2/2
   836 | D:2      | Found a hazy altar of Hepliaklqana.
   950 | D:2      | Found a hide-covered altar of Uskayaw.
  1178 | D:2      | Reached XP level 4. HP: 11/40 MP: 3/3
  1407 | D:3      | Killed from afar by an orc priest

Skill      XL: |  1  2  3 |
---------------+----------+-----
Armour         | 4 |  4.6
Shields        | 4 |  4.6
Fighting       | 4 |  4.4
Axes           | 3 |  3.2

Action                   |  1- 3 |  4- 6 || total
-------------------------+-------+-------++-------
Melee: War axe           |    56 |     9 ||    65
       Headbutt          |     9 |     4 ||    13
  Eat: Chunk             |       |     2 ||     2
Armor: Scale mail        |    30 |     3 ||    33
Dodge: Dodged            |    16 |       ||    16
Block: Shield            |    38 |     2 ||    40
